 Dungeon Crawl Stone Soup version 0.29.1-2-gbd0b4ee654 (webtiles) character file.

Game seed: 17724070710220335464

672 zeram the Sneak (level 7, 0/46 HPs)
             Began as an Octopode Fighter on Nov 23, 2022.
             Slain by an ice beast (4 damage)
             ... on level 4 of the Dungeon.
             The game lasted 00:10:36 (6229 turns).

zeram the Sneak (Octopode Fighter)                  Turns: 6229, Time: 00:10:37

Health: 0/46       AC:  1    Str: 15    XL:     7   Next: 59%
Magic:  11/11      EV: 10    Int: 13    God:
Gold:   131        SH: 13    Dex: 11    Spells: 12/12 levels left

rFire   . . .      SeeInvis .   e - +4 spear
rCold   . . .      Faith    .   q - +1 tower shield
rNeg    . . .      Spirit   .   (helmet restricted)
rPois   +          Reflect  .   (no amulet)
rElec   .          Harm     .   i - ring of flight
rCorr   .          Rampage  .   k - ring of poison resistance
Will    .....                   (no ring)
Stlth   ++++......              (no ring)
HPRegen 0.15/turn               (no ring)
MPRegen 0.12/turn               (no ring)
                                (no ring)
                                (no ring)

@: flying, studying Shields
A: almost no armour, amphibious, 8 rings, camouflage 1, gelatinous body 1,
(nimble swimmer 1), tentacles
a: no special abilities


You were on level 4 of the Dungeon.
You visited 1 branch of the dungeon, and saw 5 of its levels.

You collected 131 gold pieces.

Inventory:

Hand Weapons
 a - a +0 rapier
 e - a +4 spear (weapon)
 p - a +2 dagger of distortion
Missiles
 o - 2 throwing nets (quivered)
Armour
 b - a +2 buckler
 q - a +1 tower shield (worn)
Jewellery
 i - a ring of flight (left tentacle)
 k - a ring of poison resistance (right tentacle)
Scrolls
 f - 2 scrolls of amnesia
 g - a scroll of teleportation
Potions
 c - 3 potions of might
 d - a potion of invisibility {unknown}
 h - a potion of brilliance {unknown}
 l - a potion of curing {unknown}
 m - a potion of flight {unknown}
 n - 2 potions of mutation


   Skills:
 - Level 3.0 Fighting
 + Level 2.6 Short Blades
 + Level 3.8 Polearms
 + Level 4.0 Dodging
 + Level 5.6 Stealth
 + Level 4.0 Shields
 * Level 3.1 Spellcasting


You had 12 spell levels left.
You didn't know any spells.
Your spell library contained the following spells:

 Spells                   Type           Power      Damage    Failure   Level
 Sublimation of Blood     Necr           2%         N/A       99%         2
 Wereblood                Tmut           2%         N/A       99%         2
 Summon Lightning Spire   Summ/Air       2%         N/A       100%        4
 Storm Form               Tmut/Air       1%         N/A       100%        7
 Summon Hydra             Summ           1%         N/A       100%        7
 Maxwell's Capacitive Co  Air            1%         ∞         100%        8


Dungeon Overview and Level Annotations

Branches:
Dungeon (5/15)
 Temple: D:4-7

Altars:
Ashenzari
Cheibriados
Hepliaklqana
Nemelex Xobeh
Okawaru
Qazlal
Trog
Vehumet
Xom

Shops:
D:1 !   D:4 (:


Innate Abilities, Weirdness & Mutations

You cannot wear most types of armour.
You are amphibious.
You can wear up to eight rings at the same time.
Your skin changes colour to match your surroundings (Stealth+).
Your rubbery body absorbs attacks. (AC +1, EV +1)
((You are camouflaged when in or above water. (Stealth+)))
You have tentacles for arms and can constrict up to eight enemies at once.


Message History

You fly upwards.
There is a stone staircase leading down here.
You fly downwards.
There is a stone staircase leading up here.
There is a stone staircase leading up, spattered with blood here.
You fly upwards.
There is a stone staircase leading down, spattered with blood here.
An ice beast is nearby!
You hit the ice beast.
The ice beast is moderately wounded.
The ice beast completely misses you. You block the ice beast's attack.
You barely miss the ice beast.
You squeeze the ice beast, but do no damage.
The ice beast is moderately wounded.
The ice beast hits you but does no damage.
You hit the ice beast but do no damage.
The ice beast is moderately wounded.
You block the ice beast's attack.
You closely miss the ice beast. Your squeeze misses the ice beast.
The ice beast is moderately wounded.
The ice beast closely misses you. The ice beast hits you.
The ice beast freezes you!
You hit the ice beast.
The ice beast is heavily wounded.
You block the ice beast's attack.
You hit the ice beast.
The ice beast is heavily wounded.
You block the ice beast's attack.
You hit the ice beast but do no damage. Your squeeze misses the ice beast.
The ice beast is heavily wounded.
You block the ice beast's attack.
You hit the ice beast but do no damage.
The ice beast is heavily wounded.
The ice beast hits you. The ice beast freezes you! The ice beast hits you.
The ice beast freezes you!
* * * LOW HITPOINT WARNING * * *
You hit the ice beast but do no damage.
The ice beast is heavily wounded.
The ice beast hits you.
You die...

#.#..............# #..#.# #...
#.#.##########.### #..#.# #.._
#.#.# #.## #.##.# ##.. #.#.##
#..#######....# ##. #....#
#####.##....#.#..# ## ...#.#
#.........#.#.#..##
#....######.###.###.........#
#.........#.#....Y#..##.#...#
##..........#..)@.#.(##.#...#####
#.######......>.....##.#).......
##.# ##..#.)...#..##.#.#.####.
...# #..#.....#..##.#.#.# #.
#..## #..###.###..##.#.#.# #.
##..## #...........##.#.#.# #.
###..## #.####....#.##.#.#.####.
.#'#..# #........#..##.#........
_.###.# #.####..#....#.#########


You could see an ice beast.

Vanquished Creatures
  Menkaure (D:4)
  A black bear (D:4)
  A kobold brigand (D:4)
  A bullfrog (D:3)
  A scorpion (D:5)
  A gnoll bouda (D:3)
  5 adders
  10 gnolls
  An ufetubus (D:4)
  A worm (D:2)
  The ghost of gdog the Covert, a weakling GnDe (D:3)
  2 dart slugs
  4 orcs
  3 ball pythons
  8 endoplasms
  2 giant cockroaches
  6 goblins
  12 hobgoblins
  4 jackals (D:1)
  4 quokkas
  4 bats
  2 frilled lizards (D:3)
  17 kobolds
  4 rats
96 creatures vanquished.

Notes
Turn   | Place    | Note
-------+----------+-------------------------------------------
     0 | D:1      | zeram the Octopode Fighter began the quest for the Orb.
     0 | D:1      | Reached XP level 1. HP: 16/16 MP: 1/1
   110 | D:1      | Reached XP level 2. HP: 12/21 MP: 2/2
   449 | D:1      | Found Kigred's Distillery.
   635 | D:1      | Found a faded altar of an unknown god.
   792 | D:1      | Reached XP level 3. HP: 26/26 MP: 3/3
   929 | D:1      | Reached skill level 1 in Stealth
   929 | D:1      | Reached skill level 1 in Spellcasting
  1319 | D:2      | Reached XP level 4. HP: 31/31 MP: 5/5
  2239 | D:3      | Noticed a black bear
  2286 | D:3      | Found a runed translucent door.
  2286 | D:3      | Noticed a bullfrog
  2410 | D:3      | Reached skill level 2 in Stealth
  2880 | D:3      | Noticed gdog's ghost (weakling GnDe)
  2891 | D:3      | Killed a bullfrog
  2892 | D:3      | Reached skill level 1 in Polearms
  2892 | D:3      | Reached skill level 3 in Stealth
  2892 | D:3      | Reached XP level 5. HP: 19/36 MP: 7/7
  2894 | D:3      | Killed gdog's ghost
  3076 | D:4      | Identified a scroll of acquirement
  3076 | D:4      | Acquired a manual of Shields
  3248 | D:4      | Found Hekastrets's Weapon Emporium.
  3300 | D:4      | Found a sparkling altar of Nemelex Xobeh.
  3506 | D:4      | Reached skill level 4 in Stealth
  3521 | D:4      | Found a hazy altar of Hepliaklqana.
  3532 | D:4      | Reached XP level 6. HP: 34/42 MP: 9/9
  4431 | D:4      | Found an iron altar of Okawaru.
  4446 | D:4      | Found a shimmering altar of Xom.
  4447 | D:4      | Found a bloodstained altar of Trog.
  4451 | D:4      | Found a broken altar of Ashenzari.
  4452 | D:4      | Found a snail-covered altar of Cheibriados.
  4453 | D:4      | Found a stormy altar of Qazlal.
  4461 | D:4      | Found a radiant altar of Vehumet.
  4487 | D:4      | Found Syoran's Self-Improvement Boutique.
  4881 | D:4      | Reached skill level 5 in Stealth
  4952 | D:5      | Entered Level 5 of the Dungeon
  4969 | D:5      | Reached XP level 7. HP: 38/46 MP: 9/11
  5377 | D:5      | Noticed Menkaure
  5858 | D:4      | Killed Menkaure
  6229 | D:4      | Slain by an ice beast

Illustrated notes

Levels and vault maps discovered:
D:1:      ebering_hopf_link, layout_basic, serial_shops, nicolae_square_shop,
          hellmonk_ecumenical_altar_arch_garden
D:2:      layout_loops_cross
D:3:      layout_loops_corners, ebering_ghost_sewer_d, roderic_serpentine_path,
          lightli_corner_chamber
D:4:      cheibrodos_thug_alley, layout_loops_ring,
          mainiacjoe_overflow_concentric_impassable,
          nicolae_overflow_hallway_of_the_gods, nemelex_diamond_rough_becter,
          portal_sewer_entry_d, serial_shops, nicolae_take_the_stairs,
          st_stairs_3, nicolae_shop_self_help
D:5:      layout_cave_pools, good_gods_mini_temple, general_overflow_altar,
          uniq_grinder, uniq_blork_the_orc, uniq_menkaure, uniq_eustachio

Skill      XL: |  1  2  3  4  5  6  7 |
---------------+----------------------+-----
Stealth        | 1 3 4 5 |  5.6
Spellcasting   | 1 2 3 |  3.1
Polearms       | 1 2 3 |  3.8
Dodging        | 4 |  4.0
Shields        | 4 |  4.0
Fighting       | |  3.0
Short Blades   | |  2.6

Action                   |  1- 3 |  4- 6 |  7- 9 || total
-------------------------+-------+-------+-------++-------
Melee: Rapier            |    29 |       |       ||    29
       Constrict         |     8 |    23 |     6 ||    37
       Tentacles         |     9 |    20 |     6 ||    35
       Spear             |    15 |   160 |    24 ||   199
       Punch             |       |     2 |     1 ||     3
  Use: Potion            |       |     1 |     1 ||     2
       Scroll            |       |     9 |     3 ||    12
 Stab: Sleeping          |     4 |    22 |       ||    26
       Distracted        |       |     1 |       ||     1
Armor: Skin              |     3 |     7 |     2 ||    12
Dodge: Dodged            |    32 |    66 |    14 ||   112
Block: Buckler           |    11 |    25 |       ||    36
       Tower shield      |       |       |    28 ||    28
